 Dungeon Crawl Stone Soup version 0.24.0-123-gd5b16e6ec5 (webtiles) character file.

Game seed: 183214458039307452, levelgen mode: deterministic

35 glosham the Skirmisher (level 3, 0/29 HPs)
             Began as a Mummy Abyssal Knight on Jan 12, 2020.
             Was a Follower of Lugonu.
             Slain by a small abomination (13 damage)
             ... on level 2 of the Abyss.
             The game lasted 00:02:59 (113 turns).

glosham the Skirmisher (Mummy Abyssal Knight)        Turns: 113, Time: 00:03:00

Health: 0/29       AC:  3    Str: 16    XL:     3   Next: 16%
Magic:  4/4        EV: 11    Int: 11    God:    Lugonu [*.....]
Gold:   0          SH:  0    Dex: 11    Spells: 2/2 levels left

rFire    x . .     SeeInvis .   a - +1 hand axe
rCold    + . .     Gourm    .   (no shield)
rNeg     + + +     Faith    .   b - +0 leather armour
rPois    ∞         Spirit   .   (no helmet)
rElec    .         Reflect  .   (no cloak)
rCorr    .         Harm     .   (no gloves)
MR       .....                  (no boots)
Stlth    +.........             (no amulet)
HPRegen  0.09/turn              (no ring)
MPRegen  0.09/turn              (no ring)

@: vulnerable
A: no food or potions, fire vulnerability, cold resistance 1, negative energy
resistance 3, torment resistance, unbreathing
a: Depart the Abyss, Renounce Religion


You were on level 2 of the Abyss.
You worshipped Lugonu.
Lugonu was aware of your devotion.
You were not hungry.

You visited 0 branches of the dungeon, and saw 0 of its levels.
You visited the Abyss 1 time.

Inventory:

Hand Weapons
 a - a +1 hand axe (weapon)
Armour
 b - a +0 leather armour (worn)
Wands
 c - a wand of paralysis (9)
Scrolls
 d - a scroll of magic mapping


   Skills:
 - Level 3.0 Fighting
 * Level 3.0 Axes
 - Level 1.5 Armour
 - Level 0.7 Dodging
 - Level 1.5 Invocations


You had 2 spell levels left.
You didn't know any spells.
Your spell library was empty.

Dungeon Overview and Level Annotations

Branches:
Dungeon (0/15)

Altars:


Innate Abilities, Weirdness & Mutations

You do not eat or drink.
Your flesh is vulnerable to fire.
You are immune to poison.
Your flesh is cold resistant. (rC+)
You are immune to negative energy. (rN+++)
You are immune to unholy pain and torment.
You can survive without breathing.


Message History

Aim: a small abomination (chance to defeat MR: 28%)
The small abomination easily resists.
The small abomination hits you!!
Ouch! That really hurt!
Evoke which item? (* to show all) (? for menu, Esc to quit)
Aiming: Paralyse
Press: ? - help, Shift-Dir - straight line, f/p - small abomination
Aim: a small abomination (chance to defeat MR: 28%)
The small abomination suddenly stops moving!
The helpless small abomination fails to defend itself.
You hit the small abomination but do no damage.
The helpless small abomination fails to defend itself.
You hit the small abomination.
The small abomination is lightly damaged.
The helpless small abomination fails to defend itself.
You hit the small abomination but do no damage.
The small abomination is lightly damaged.
The helpless small abomination fails to defend itself.
You hit the small abomination.
The small abomination is moderately damaged.
The helpless small abomination fails to defend itself.
You hit the small abomination.
The small abomination is heavily damaged.
The helpless small abomination fails to defend itself.
You hit the small abomination.
The small abomination is heavily damaged.
The helpless small abomination fails to defend itself.
You hit the small abomination but do no damage.
The small abomination is heavily damaged.
The helpless small abomination fails to defend itself.
You hit the small abomination but do no damage.
The small abomination is heavily damaged.
The helpless small abomination fails to defend itself.
You slash the small abomination!
The small abomination is almost destroyed.
The small abomination is no longer paralysed.
The small abomination closely misses you. x2
You barely miss the small abomination.
The small abomination is almost destroyed.
The small abomination hits you!
You die...

. # #. .. .#
.#.# #.. #. . .
.. .. ....#.
.#..# ##. .
..##. # .##.
...#..# . .
###...#.# #. #
#.#.## . .
#..#.. .
#.#.#.... #
##.#. ## ## #
.###
...#.###...#.
#..# .
##.#......# .
## #x@#.#.. #.
#.#
#..:.#.#.#..#.#
# .......#.##.#
.##
....#.§..### #
... #...#. #.#
## ..## # ###
###


You could see a small abomination.

Vanquished Creatures
  A crimson imp (Abyss:2)
1 creature vanquished.

Notes
Turn   | Place    | Note
-------+----------+-------------------------------------------
     0 | Abyss:1  | glosham the Mummy Abyssal Knight began the quest for the
                  | Orb.
     0 | Abyss:1  | Reached XP level 1. HP: 18/18 MP: 2/2
    51 | Abyss:2  | Noticed a crimson imp
    59 | Abyss:2  | Killed a crimson imp
    59 | Abyss:2  | Reached skill level 3 in Axes
    59 | Abyss:2  | Reached XP level 2. HP: 24/24 MP: 3/3
    59 | Abyss:2  | Reached XP level 3. HP: 29/29 MP: 4/4
    60 | Abyss:2  | Noticed a large abomination
    62 | Abyss:2  | Found a blossoming altar of Fedhas.
    99 | Abyss:2  | Noticed a small abomination
   113 | Abyss:2  | Slain by a small abomination

Levels and vault maps discovered:
Abyss:2

Skill      XL: |  1 |
---------------+----+-----
Axes           | 3 |  3.0
Fighting       | |  3.0
Armour         | |  1.5
Dodging        | |  0.7
Invocations    | |  1.5

Action                   || total
-------------------------++-------
Melee: Hand axe          ||    14
Evoke: Wand              ||     5
  Use: Scroll            ||     3
 Stab: Paralysed         ||    13
Dodge: Dodged            ||     3

Table legend:
 A = Turns spent in this place as a percentage of turns spent in the entire game.
 B = Non-inter-level travel turns spent in this place as a percentage of non-inter-level travel turns spent in the entire game.
 C = Inter-level travel turns spent in this place as a percentage of turns spent in this place.
 D = Turns resting spent in this place as a percentage of non-inter-level travel turns spent in this place.
 E = Turns spent auto-exploring this place as a percentage of non-inter-level travel turns spent in this place.
 F = Non-inter-level travel turns spent in this place divided by the number of levels of this place that you've seen.
                   A       B       C       D       E      F
               +-------+-------+-------+-------+-------+----------------------
         Total | 100.0 | 100.0 |   0.0 |   0.0 |   0.0 |  56.5
         Abyss | 100.0 | 100.0 |   0.0 |   0.0 |   0.0 |  56.5
               +-------+-------+-------+-------+-------+----------------------

Table legend:
 A = Kills in this place as a percentage of kills in entire the game.
 B = Kills by you in this place as a percentage of kills by you in the entire game.
 C = Kills by friends in this place as a percentage of kills by friends in the entire game.
 D = Other kills in this place as a percentage of other kills in the entire game.
 E = Experience gained in this place as a percentage of experience gained in the entire game.
 F = Experience gained in this place divided by the number of levels of this place that you have seen.
                   A       B       C       D       E      F
               +-------+-------+-------+-------+-------+----------------------
         Total | 100.0 | 100.0 |   N/A |   N/A | 100.0 |  25.0
         Abyss | 100.0 | 100.0 |   N/A |   N/A | 100.0 |  25.0
               +-------+-------+-------+-------+-------+----------------------

Levels and vault maps discovered:
Abyss:2
